 Dungeon Crawl Stone Soup version 0.22.0 (webtiles) character file.

86 Gorglomux the Chopper (level 4, -3/35 HPs)
             Began as a Demonspawn Gladiator on Aug 11, 2018.
             Blown up by Ijyb (20 damage)
             ... with a wand of disintegration (10)
             ... on level 3 of the Dungeon.
             The game lasted 00:01:14 (2147 turns).

Gorglomux the Chopper (Demonspawn Gladiator)        Turns: 2147, Time: 00:01:15

Health: -3/35      AC:  4    Str: 15    XL:     4   Next: 27%
Magic:  4/4        EV: 13    Int: 10    God:
Gold:   120        SH:  0    Dex: 18    Spells: 3/3 levels left

rFire    . . .     SeeInvis .   a - +0 war axe
rCold    . . .     Gourm    .   (no shield)
rNeg     . . .     Faith    .   b - +0 leather armour
rPois    .         Spirit   .   c - +0 helmet
rElec    .         Reflect  .   (no cloak)
rCorr    .         Harm     .   (no gloves)
MR       .....                  (no boots)
Stlth    ++........             (no amulet)
HPRegen  0.11/turn              x - ring of stealth
MPRegen  0.09/turn              Q - +4 ring of dexterity

@: no status effects
A: claws 1, sturdy frame 2
a: no special abilities


You were on level 3 of the Dungeon.
You were not hungry.

You visited 1 branch of the dungeon, and saw 3 of its levels.

You collected 120 gold pieces.

Inventory:

Hand Weapons
 a - a +0 war axe (weapon)
Missiles
 Z - 2 throwing nets (quivered)
Armour
 b - a +0 leather armour (worn)
 c - a +0 helmet (worn)
Jewellery
 x - a ring of stealth (left claw)
 Q - a +4 ring of dexterity (right claw)
Scrolls
 P - a scroll of remove curse {unknown}
 S - 2 scrolls of teleportation {unknown}
 T - 3 scrolls of enchant weapon {unknown}
 V - 2 scrolls of enchant armour {unknown}
 W - 5 scrolls of identify {unknown}
 X - 2 scrolls of amnesia {unknown}
Potions
 R - a potion of ambrosia
 U - 3 potions of brilliance {unknown}
Comestibles
 f - 6 rations


   Skills:
 + Level 3.0 Fighting
 + Level 3.4 Axes
 - Level 1.8 Throwing
 + Level 1.8 Armour
 - Level 2.7 Dodging


You had 3 spell levels left.
You didn't know any spells.
Your spell library was empty.

Dungeon Overview and Level Annotations

Branches:
Dungeon (3/15)

Altars:
Ashenzari
Gozag
Wu Jian

Annotations:
D:3 Ijyb


Innate Abilities, Weirdness & Mutations

You have sharp fingernails.
Your movements are less encumbered by armour. (ER -4)


Message History

Ijyb is heavily wounded!
Ijyb hits butt!
Throwing (i - inventory)
Z - 3 throwing nets (quivered)
Press: ? - butt, Shift-Dir - straight line, f - Ijyb
Aim: Ijyb, wearing a scale mail and carrying a wand of disintegration (10) (butt-ly wounded)
You butt a throwing net!
The throwing net hits Ijyb!
Ijyb is caught in the net!!!
Butt is heavily wounded!
Ijyb struggles against the net!
You chop Ijyb into pieces!
Ijyb is heavily wounded!
Ijyb struggles against the net! x2
You cut Ijyb into ribbons!
Ijyb is heavily wounded!
Ijyb struggles against the net!
You barely miss Ijyb!
Ijyb is heavily wounded!
Ijyb zaps a wand!
You are blasted!!!
DANG rip

#.# #.....#######.##. #.#
##...## #.##. #.# ##.## #....
#.# #.# ##.#. #.# #.# #.#. #.#
#+## #.#. #.# ##...## #.#.
#.## ##....>## ##.## #..##
##@......## ##..##
####...####.g.......####...##
#..........'.........+........
#........###.........####...##
#..##..#.# ##.......## ##(###
#.. #.##.# ##.....## ##... #.
#.##.# ##?..## #.## # #. #.#
#+## #... #. #.# #.##


You could see Ijyb (caught).

Vanquished Creatures
  A hound skeleton (D:2)
  An adder (D:2)
  An ooze (D:1)
  2 worms
  A dart slug (D:1)
  3 orcs (D:3)
  A giant cockroach (D:2)
  6 goblins
  9 hobgoblins
  2 quokkas
  8 bats
  2 frilled lizards (D:1)
  7 kobolds
  4 rats
48 creatures vanquished.

Notes
Turn   | Place    | Note
-------+----------+-------------------------------------------
     0 | D:1      | Gorglomux the Demonspawn Gladiator began the quest for the Orb.
     0 | D:1      | Reached XP level 1. HP: 16/16 MP: 1/1
   264 | D:1      | Gained mutation: You have sharp fingernails. [demonic ancestry]
   264 | D:1      | Reached XP level 2. HP: 22/22 MP: 2/2
   535 | D:1      | Reached skill level 3 in Axes
   905 | D:2      | Reached skill level 1 in Armour
   975 | D:2      | Gained mutation: Your movements are slightly less encumbered by armour. (ER -2) [demonic ancestry]
   975 | D:2      | Reached XP level 3. HP: 17/28 MP: 3/3
  1220 | D:2      | Found an opulent altar of Gozag.
  1683 | D:2      | Found an ornate altar of the Wu Jian Council.
  1730 | D:3      | Gained mutation: Your movements are less encumbered by armour. (ER -4) [demonic ancestry]
  1730 | D:3      | Reached XP level 4. HP: 29/34 MP: 4/4
  1845 | D:3      | Found a shattered altar of Ashenzari.
  1847 | D:3      | Reached skill level 3 in Fighting
  2126 | D:3      | Noticed Ijyb
  2147 | D:3      | Blown up by Ijyb

Skill      XL: |  1  2  3  4 |
---------------+-------------+-----
Axes           | 3 |  3.4
Armour         | 1 |  1.8
Fighting       | 3 |  3.0
Throwing       | |  1.8
Dodging        | |  2.7

Action                   |  1- 3 |  4- 6 || total
-------------------------+-------+-------++-------
Melee: War axe           |   101 |    43 ||   144
Throw: Throwing net      |       |     1 ||     1
  Use: Potion            |       |     1 ||     1
 Stab: Sleeping          |     3 |     1 ||     4
       Distracted        |     1 |       ||     1
  Eat: Chunk             |     3 |     1 ||     4
Armor: Leather armour    |    38 |    16 ||    54
Dodge: Dodged            |    93 |    36 ||   129
